 Dungeon Crawl Stone Soup version 0.29.1-2-gbd0b4ee654 (webtiles) character file.

Game seed: 5946545601819680640

73 Bloodgem the Shield-Bearer (level 4, 0/41 HPs)
             Began as a Minotaur Fighter on Oct 24, 2022.
             Slain by Crazy Yiuf
             ... wielding a +2 quarterstaff of chaos
              (6 damage)
             ... on level 2 of the Dungeon.
             The game lasted 00:01:53 (1453 turns).

Bloodgem the Shield-Bearer (Minotaur Fighter)       Turns: 1453, Time: 00:01:54

Health: 0/41       AC: 11    Str: 22    XL:     4   Next: 8%
Magic:  3/3        EV: 11    Int:  5    God:
Gold:   130        SH:  4    Dex: 10    Spells: 3/3 levels left

rFire   . . .      SeeInvis .   a - +0 war axe
rCold   . . .      Faith    .   c - +0 buckler
rNeg    . . .      Spirit   .   i - +0 plate armour
rPois   .          Reflect  .   (helmet restricted)
rElec   .          Harm     .   (no cloak)
rCorr   .          Rampage  .   (no gloves)
Will    .....                   (no boots)
Stlth   ..........              (no amulet)
HPRegen 0.13/turn               (no ring)
MPRegen 0.08/turn               (no ring)

@: agile
A: horns 2, retaliatory headbutt
a: no special abilities


You were on level 2 of the Dungeon.
You visited 1 branch of the dungeon, and saw 2 of its levels.

You collected 130 gold pieces.

Inventory:

Hand Weapons
 a - a +0 war axe (weapon)
Armour
 b - a +0 scale mail
 c - a +0 buckler (worn)
 i - a +0 plate armour (worn)
Scrolls
 f - a scroll of butterflies {unknown}
 g - 3 scrolls of vulnerability {unknown}
Potions
 d - a potion of might
 e - a potion of heal wounds {unknown}
 h - 2 potions of attraction {unknown}
 j - a potion of mutation {unknown}
 k - a potion of curing {unknown}
 l - a potion of magic {unknown}


   Skills:
 + Level 4.3 Fighting
 + Level 3.3 Axes
 + Level 4.3 Armour
 + Level 4.3 Shields


You had 3 spell levels left.
You didn't know any spells.
Your spell library was empty.

Dungeon Overview and Level Annotations

Branches:
Dungeon (2/15)

Altars:

Annotations:
D:2 Crazy Yiuf


Innate Abilities, Weirdness & Mutations

You have a pair of horns on your head.
You reflexively headbutt those who attack you in melee.


Message History

Found a stone staircase leading down.
Found a short sword.
l - a ruby potion
Found a runed translucent door.
A quokka comes into view.
The quokka bites you but does no damage.
The quokka closely misses you.
You closely miss the quokka. Your headbutt misses the quokka.
The quokka bites you but does no damage.
You closely miss the quokka. The quokka bites you. x2
You slash the quokka!
You kill the quokka!
No target in view!
No target in view!
Crazy Yiuf shouts!
You open the door. You hit Crazy Yiuf but do no damage.
You headbutt Crazy Yiuf.
Crazy Yiuf is moderately wounded.
Crazy Yiuf hits you with a +2 quarterstaff of chaos!
Crazy Yiuf burns you.
You hit Crazy Yiuf but do no damage.
Crazy Yiuf is moderately wounded.
Crazy Yiuf barely misses you. You furiously retaliate!
You headbutt Crazy Yiuf, but do no damage.
Crazy Yiuf hits you with a +2 quarterstaff of chaos!
You feel agile all of a sudden.
You barely miss Crazy Yiuf. You headbutt Crazy Yiuf!
Crazy Yiuf is severely wounded.
Crazy Yiuf hits you with a +2 quarterstaff of chaos!
* * * LOW HITPOINT WARNING * * *
Crazy Yiuf freezes you.
* * * LOW HITPOINT WARNING * * *
You hit Crazy Yiuf but do no damage.
Crazy Yiuf is severely wounded.
Crazy Yiuf closely misses you.
You hit Crazy Yiuf but do no damage.
Crazy Yiuf is severely wounded.
You block Crazy Yiuf's attack.
Crazy Yiuf hits you with a +2 quarterstaff of chaos.
You die...

# #...........#
####.......#####
...........#
###..#######
##### ##.# #)..#
# ### #...# ≈
... # #g# # ♣@♣♣
... ♣♣.♣ #...
♣.♣♣ #..# ♣♣.♣
#..# ♣♣.♣♣ #
#).# ♣♣P..♣
######..# ♣P...♣
....##..# ##..##
###.....#
####....#


You could see Crazy Yiuf.

Vanquished Creatures
  3 adders (D:2)
  2 worms (D:2)
  2 dart slugs
  4 bats
  3 endoplasms
  2 giant cockroaches
  4 goblins
  5 hobgoblins
  3 quokkas
  A ball python (D:2)
  4 frilled lizards
  2 kobolds (D:1)
  3 rats (D:1)
38 creatures vanquished.

Notes
Turn   | Place    | Note
-------+----------+-------------------------------------------
     0 | D:1      | Bloodgem the Minotaur Fighter began the quest for the Orb.
     0 | D:1      | Reached XP level 1. HP: 19/19 MP: 0/0
   190 | D:1      | Reached XP level 2. HP: 22/27 MP: 1/1
   426 | D:1      | Found a faded altar of an unknown god.
   859 | D:2      | Reached XP level 3. HP: 20/33 MP: 2/2
  1263 | D:2      | Reached XP level 4. HP: 39/40 MP: 3/3
  1380 | D:2      | Found a runed translucent door.
  1381 | D:2      | Noticed Crazy Yiuf
  1453 | D:2      | Slain by Crazy Yiuf

Illustrated notes

Levels and vault maps discovered:
D:1:      dpeg_arrival_castle, layout_loops_ring,
          shapermc_ecumenical_altar_totnotflames, minmay_crystal_water
D:2:      layout_basic, serial_shops, shop, chequers_serial_rivers_large_a,
          minmay_misc_feat_x, uniq_crazy_yiuf_cottage

Skill      XL: |  1  2 |
---------------+-------+-----
Fighting       | 4 |  4.3
Armour         | 4 |  4.3
Axes           | 3 |  3.3
Shields        | 4 |  4.3

Action                   |  1- 3 |  4- 6 || total
-------------------------+-------+-------++-------
Melee: War axe           |    83 |    11 ||    94
       Headbutt          |     6 |     3 ||     9
Armor: Scale mail        |    11 |       ||    11
       Plate armour      |    48 |     4 ||    52
Dodge: Dodged            |    27 |     5 ||    32
Block: Buckler           |    15 |     1 ||    16
